 Dungeon Crawl Stone Soup version 0.21.1-1-g345015f (webtiles) character file.

106 inc the Scratcher (level 4, 21/21 HPs)
             Began as a Felid Fighter on Apr 22, 2018.
             Quit the game on level 4 of the Dungeon.
             The game lasted 00:03:06 (2930 turns).

inc the Scratcher (Felid Fighter)                   Turns: 2930, Time: 00:03:07

Health: 21/21      AC:  1    Str: 13    XL:     4   Next: 55%
Magic:  5/5        EV: 19    Int: 10    God:
Gold:   68         SH:  0    Dex: 15    Spells: 3/3 levels left
                                        Lives:  0   Deaths: 1

rFire    . . .     SeeInvis +     - Unarmed
rCold    . . .     Gourm    .   (shield unavailable)
rNeg     . . .     Faith    .   (armour unavailable)
rPois    .         Spirit   .   (helmet unavailable)
rElec    .         Reflect  .   (cloak unavailable)
rCorr    .         Harm     .   (gloves unavailable)
MR       .....                  (boots unavailable)
Stlth    ++........             (no amulet)
HPRegen  0.07/turn              (no ring)
MPRegen  0.09/turn              (no ring)

@: hasted, very quick
A: very small, no armour, no weapons or thrown items, stealth, claws 1, fangs 3,
see invisible, carnivore, speed 1, shaggy fur 1, slow metabolism 1, sharp paws
a: no special abilities


You were on level 4 of the Dungeon.
You were not hungry.

You visited 1 branch of the dungeon, and saw 4 of its levels.

You collected 68 gold pieces.

Inventory:

Jewellery
 e - an uncursed ring of poison resistance {unknown}
 j - an uncursed ring of flight {unknown}
Scrolls
 d - a scroll of teleportation {unknown}
 h - 3 scrolls of identify {unknown}
 i - a scroll of enchant weapon {unknown}
Potions
 a - a potion of might
Comestibles
 b - 3 rations


   Skills:
 - Level 3.0 Fighting
 - Level 4.0 Dodging
 + Level 6.9 Unarmed Combat


You had 3 spell levels left.
You didn't know any spells.

Dungeon Overview and Level Annotations

Branches:
Dungeon (4/15)
 Temple: D:4-7

Altars:
Ru

Annotations:
D:3 darumender's ghost, amateur DsBe


Innate Abilities, Weirdness & Mutations

You cannot wear armour.
You are incapable of wielding weapons or throwing items.
Your paws allow you to move quietly. (Stealth)
You have sharp claws.
You have razor-sharp teeth.
You have supernaturally acute eyesight. (SInv)
You are carnivorous and can eat meat at any time.
You cover ground quickly.
You are covered in fur. (AC +1)
You have a slow metabolism.
Your sharp claws are effective at attacking unaware monsters.


Message History

A worker ant comes into view.
The worker ant moves out of view.
You pounce on the unaware helpless worker ant!
You mangle the worker ant!!
You kill the worker ant!
No target in view!
No target in view!
Found a stone staircase leading up.
An ogre comes into view. It is wielding a giant club.
The ogre shouts!
Found 8 gold pieces and a spear.
The ogre hits you with a giant club!!
Ouch! That really hurt!
You die...
You are now level 4!
You rejoin the land of the living...
It was a potion of curing.
You feel better.
It was a potion of haste.
You feel yourself speed up.
It was a potion of magic.
Magic courses through your body.
Are you sure you want to abandon this character and quit the game? (Confirm with "yes".)

#......)...#
..........#
#.........#
#.).......#
.........#
#........#
#........#
#<.....@# ##(....##
#.....# #.....#
#...### #...##
###....#
########......#
##..........#......


There were no monsters in sight!

Vanquished Creatures
  A worker ant (D:4)
  Natasha (thrice) (D:2)
  5 adders
  An ooze (D:3)
  2 dart slugs
  2 leopard geckos
  6 orcs (D:3)
  4 giant cockroaches
  A hobgoblin (D:1)
  3 jackals (D:1)
  4 kobolds
  A quokka (D:2)
  A ball python (D:3)
  7 bats
  A frilled lizard (D:3)
  3 goblins (D:1)
  9 rats
54 creatures vanquished.

Notes
Turn   | Place    | Note
-------+----------+-------------------------------------------
     0 | D:1      | inc the Felid Fighter began the quest for the Orb.
     0 | D:1      | Reached XP level 1. HP: 10/10 MP: 2/2
   348 | D:1      | Reached XP level 2. HP: 14/14 MP: 3/3
  1025 | D:2      | Noticed Natasha
  1030 | D:2      | Killed Natasha
  1030 | D:2      | Reached skill level 5 in Unarmed Combat
  1030 | D:2      | Reached XP level 3. HP: 17/17 MP: 4/4
  1102 | D:2      | Noticed Natasha
  1122 | D:2      | Killed Natasha
  1122 | D:2      | Reached XP level 4. HP: 4/21 MP: 5/5
  1432 | D:2      | Noticed Natasha
  1460 | D:2      | Killed Natasha
  1460 | D:2      | Reached skill level 6 in Unarmed Combat
  2397 | D:3      | Reached XP level 5. HP: 22/24 MP: 6/6
  2506 | D:3      | HP: 1/24 [orc/tomahawk (5)]
  2622 | D:3      | Found a sacrificial altar of Ru.
  2841 | D:3      | Noticed darumender's ghost (amateur DsBe)
  2912 | D:4      | Noticed an ogre
  2926 | D:4      | Slain by an ogre
  2927 | D:4      | Reached XP level 4. HP: -3/21 MP: 5/5
  2930 | D:4      | Quit the game

Skill      XL: |  1  2  3  4 |
---------------+-------------+-----
Unarmed Combat | 5 6 |  6.9
Fighting       | |  3.0
Dodging        | |  4.0

Action                   |  1- 3 |  4- 6 || total
-------------------------+-------+-------++-------
Melee: Unarmed           |    67 |    92 ||   159
       Bite              |     5 |     8 ||    13
       Punch             |     2 |     4 ||     6
  Use: Potion            |       |     4 ||     4
 Stab: Sleeping          |     4 |     2 ||     6
       Distracted        |       |     1 ||     1
  Eat: Chunk             |     4 |     4 ||     8
Armor: Skin              |     5 |     7 ||    12
Dodge: Dodged            |    49 |    90 ||   139
